 Dungeon Crawl Stone Soup version 0.29-a0-822-ga620ab95ad (webtiles) character file.

Game seed: 682184895438524940

3277 Nedwor the Cutter (level 10, -14/53 HPs)
             Began as a Vine Stalker Fighter on June 30, 2022.
             Was a Follower of Uskayaw.
             Demolished by an orc warrior
             ... wielding a +0 long sword
              (15 damage)
             ... on level 6 of the Dungeon on July 8, 2022.
             The game lasted 00:16:12 (6376 turns).

Nedwor the Cutter (Vine Stalker Fighter)            Turns: 6376, Time: 00:16:13

Health: -14/53     AC: 11    Str: 25    XL:     10   Next: 0%
Magic:  0/11       EV: 10    Int:  8    God:    Uskayaw [*.....]
Gold:   343        SH:  7    Dex: 18    Spells: 9/9 levels left

rFire   . . .      SeeInvis .   a - +1 rapier (flame)
rCold   . . .      Faith    .   c - +1 buckler
rNeg    + . .      Spirit   +   v - +0 chain mail
rPois   .          Reflect  .   (no helmet)
rElec   .          Harm     .   (no cloak)
rCorr   .          Rampage  .   (no gloves)
Will    +....                   l - +0 pair of boots
Stlth   ..........              (no amulet)
HPRegen 0.97/turn               n - +6 ring of strength
MPRegen 0.12/turn               C - ring of positive energy

@: no status effects
A: fangs 3, regeneration 1, magic shield, antimagic bite, no potion heal 2
a: Renounce Religion, Stomp


You were on level 6 of the Dungeon.
You worshipped Uskayaw.
Uskayaw was noncommittal.
You visited 2 branches of the dungeon, and saw 7 of its levels.
You also visited: Ossuary.

You collected 343 gold pieces.

Inventory:

Hand Weapons
 a - a +1 rapier of flaming (weapon)
Armour
 c - a +1 buckler (worn)
 l - a +0 pair of boots (worn)
 v - a +0 chain mail (worn)
Jewellery
 n - a +6 ring of strength (left hand)
 C - a ring of positive energy (right hand)
Wands
 e - a wand of flame (12)
 i - a wand of quicksilver (5)
 r - a wand of iceblast (4)
Scrolls
 b - a scroll of amnesia {unknown}
 f - 7 scrolls of enchant armour
 g - a scroll of enchant weapon
 j - a scroll of magic mapping
 o - 3 scrolls of identify
 p - 4 scrolls of teleportation
Potions
 d - a potion of degeneration {unknown}
 h - a potion of flight
 k - 4 potions of brilliance
 m - 2 potions of mutation
 q - 4 potions of curing {unknown}
 s - 3 potions of heal wounds {unknown}
 z - a potion of ambrosia {unknown}
 A - 4 potions of haste {unknown}
 B - a potion of cancellation {unknown}


   Skills:
 + Level 5.7 Fighting
 * Level 7.5 Short Blades
 + Level 5.3 Armour
 + Level 4.4 Dodging
 + Level 5.7 Shields


You had 9 spell levels left.
You didn't know any spells.
Your spell library contained the following spells:

 Spells                   Type           Power      Damage    Failure   Level
 Scorch                   Fire           0%         2d5       99%         2
 Ozocubu's Armour         Ice            0%         N/A       100%        3
 Flame Wave               Conj/Fire      0%         2d4       100%        4
 Metabolic Englaciation   Hex/Ice        0%         N/A       100%        5
 Simulacrum               Ice/Necr       0%         N/A       100%        6
 Summon Cactus Giant      Summ           0%         N/A       100%        6


Dungeon Overview and Level Annotations

Branches:
Dungeon (6/15)             Temple (1/1) D:4         Ossuary (visited)

Altars:
Ashenzari
Cheibriados
Elyvilon
Fedhas
Gozag
Hepliaklqana
Kikubaaqudgha
Makhleb
Nemelex Xobeh
Okawaru
Ru
Sif Muna
Uskayaw
Vehumet
Wu Jian
Xom
Yredelemnul
Zin
The Shining One

Annotations:
Temple 2 transporters


Innate Abilities, Weirdness & Mutations

You have razor-sharp teeth.
Your natural rate of healing is unusually fast.
When hurt, damage is shared between your health and your magic reserves.
Your bite disrupts and absorbs the magic of your enemies.
Potions cannot restore your health.


Message History

The puff of flame hits the centaur.
The centaur is heavily wounded.
The centaur is engulfed in a cloud of scalding steam.
The centaur shoots an arrow.
The arrow barely misses you.
You hear a splash.
You feel a bit more experienced.
You have reached level 10!
You see here a hound corpse.
You see here a hound corpse.
You now have 329 gold pieces (gained 7).
You now have 343 gold pieces (gained 14).
An orc wizard comes into view. It is wielding a +0 dagger.
The orc wizard shouts!
An orc wizard is nearby!
An orc wizard is nearby!
An orc warrior comes into view. It is wielding a +0 long sword.
The orc warrior shouts!
You hear a shout!
The orc wizard gestures wildly while chanting.
The orc wizard flickers and vanishes!
Deactivating autopickup; reactivate with Ctrl-A.
An orc priest comes into view. It is wielding a +0 war axe.
The orc priest shouts!
The orc warrior hits you with a +0 long sword.
The orc priest invokes the aid of Beogh against you.
Beogh smites you!
You hit the orc warrior but do no damage.
The orc warrior hits you with a +0 long sword!
You hit the orc warrior but do no damage.
The orc warrior hits you with a +0 long sword.
The orc priest mumbles some strange prayers to Beogh against you.
Beogh smites you!
* * * LOW HITPOINT WARNING * * *
You closely miss the orc warrior. Your bite misses the orc warrior.
The orc warrior hits you but does no damage.
You hit the orc warrior but do no damage.
The orc priest calls down the wrath of Beogh upon you.
Beogh smites you!
* * * LOW HITPOINT WARNING * * *
The orc warrior hits you with a +0 long sword!
You die...

.. .... .##...#
##..o....
#######........
#..............#..
#..........# .≈≈≈≈≈≈
#..........# ##.≈≈≈≈≈≈
...###o#...###..≈≈≈≈≈≈
#@#....##.#≈≈≈≈≈≈
#....#(.#.#≈≈≈≈≈≈≈
##.........≈≈≈≈≈..
#.........≈≈≈≈≈..
#.........≈≈≈≈≈..
#..........≈≈≈≈≈≈≈
#..........≈≈≈≈≈≈)
#.##.##....≈)≈≈≈≈≈
............≈≈≈≈≈≈≈


You could see an orc warrior and an orc priest.

Vanquished Creatures
  Pikel (D:5)
  The ghost of raistware the Chopper, an amateur MiFi (D:4)
  Eustachio (D:6)
  Menkaure (D:6)
  An ice beast (D:5)
  6 centaurs
  A lemure (D:6)
  3 kobold brigands (D:5)
  2 phantoms
  Blork the orc (D:5)
  4 water moccasin zombies (Ossuary)
  4 scorpions
  A howler monkey (D:4)
  A jelly (D:5)
  3 hounds
  3 orc priests
  A gnoll bouda (D:6)
  3 iguanas
  3 orc wizards
  2 mummies (Ossuary)
  17 gnolls
  8 adders
  A shadow imp (D:6)
  An ufetubus (D:6)
  5 adder zombies (Ossuary)
  A worm (D:2)
  5 dart slugs
  13 orcs
  5 ball pythons (D:2)
  2 bats
  6 endoplasms
  14 giant cockroaches
  8 goblins
  9 hobgoblins
  2 jackals (D:2)
  39 kobolds
  3 quokkas
  7 frilled lizards
  4 gnoll zombies (Ossuary)
  6 hobgoblin zombies (Ossuary)
  5 kobold zombies (Ossuary)
  7 orc zombies (Ossuary)
  7 rats
218 creatures vanquished.

Vanquished Creatures (collateral kills)
  An orc wizard (D:5)
  A kobold (D:5)
2 creatures vanquished.

Vanquished Creatures (others)
  3 plants (D:2)
3 creatures vanquished.

Grand Total: 223 creatures vanquished

Notes
Turn   | Place    | Note
-------+----------+-------------------------------------------
     0 | D:1      | Nedwor the Vine Stalker Fighter began the quest for the
                  | Orb.
     0 | D:1      | Reached XP level 1. HP: 11/11 MP: 2/2
   174 | D:1      | Reached skill level 2 in Short Blades
   178 | D:1      | Found a faded altar of an unknown god.
   189 | D:1      | Reached XP level 2. HP: 16/16 MP: 3/3
   933 | D:2      | Reached XP level 3. HP: 17/19 MP: 4/4
  1579 | D:2      | Reached skill level 1 in Dodging
  1624 | D:2      | Gained mutation: Your natural rate of healing is unusually
                  | fast. [Vine Stalker growth]
  1624 | D:2      | Reached XP level 4. HP: 22/24 MP: 2/5
  2704 | D:4      | Reached skill level 3 in Short Blades
  2704 | D:4      | Reached XP level 5. HP: 28/28 MP: 6/6
  2827 | D:4      | Found a sand-covered staircase.
  2831 | Ossuary  | Entered an ossuary
  2915 | Ossuary  | Reached XP level 6. HP: 20/32 MP: 4/7
  3000 | Ossuary  | Reached skill level 4 in Short Blades
  3000 | Ossuary  | Reached XP level 7. HP: 33/37 MP: 6/8
  3217 | D:4      | Found a staircase to the Ecumenical Temple.
  3225 | Temple   | Entered the Ecumenical Temple
  3225 | Temple   | Found a transporter.
  3225 | Temple   | Found a transporter.
  3227 | Temple   | Found a transporter.
  3227 | Temple   | Found a transporter.
  3253 | Temple   | Became a worshipper of Uskayaw the Reveller
  3302 | D:4      | Found a runed translucent door.
  3304 | D:4      | Noticed raistware's ghost (amateur MiFi)
  3310 | D:4      | Reached * piety under Uskayaw
  3313 | D:4      | Reached ** piety under Uskayaw
  3318 | D:4      | Reached *** piety under Uskayaw
  3324 | D:4      | Reached **** piety under Uskayaw
  3588 | D:4      | Found a white marble altar of Elyvilon.
  4554 | D:4      | Upgraded the game from 0.29-a0-753-gb7bb9d756e to
                  | 0.29-a0-770-g2e8140cf71
  4564 | D:4      | Killed raistware's ghost
  4565 | D:4      | Reached skill level 5 in Short Blades
  4565 | D:4      | Gained mutation: You have razor-sharp teeth. [Vine Stalker
                  | growth]
  4565 | D:4      | Reached XP level 8. HP: 42/42 MP: 9/9
  4619 | D:5      | Entered Level 5 of the Dungeon
  4866 | D:5      | Noticed Blork the orc
  4888 | D:5      | Killed Blork the orc
  5171 | D:5      | Reached skill level 6 in Short Blades
  5196 | D:5      | Reached XP level 9. HP: 18/46 MP: 10/10
  5247 | D:5      | Reached skill level 5 in Fighting
  5253 | D:5      | Reached skill level 5 in Shields
  5257 | D:5      | Reached ***** piety under Uskayaw
  5265 | D:5      | Reached ****** piety under Uskayaw
  5955 | D:6      | Noticed Menkaure
  5967 | D:6      | Killed Menkaure
  5978 | D:6      | Noticed Eustachio
  5980 | D:6      | Noticed Pikel
  6020 | D:5      | Killed Pikel
  6021 | D:5      | Reached skill level 7 in Short Blades
  6021 | D:5      | Reached skill level 5 in Armour
  6070 | D:6      | Killed Eustachio
  6286 | D:6      | Upgraded the game from 0.29-a0-770-g2e8140cf71 to
                  | 0.29-a0-822-ga620ab95ad
  6336 | D:6      | Reached XP level 10. HP: 53/53 MP: 11/11
  6376 | D:6      | HP: 1/53 [orc priest/divine providence (8)]
  6376 | D:6      | Demolished by an orc warrior

Illustrated notes

Levels and vault maps discovered:
D:1:      lightli_arrival_chessboard, layout_rooms,
          ebering_ecumenical_altar_box, chequers_serial_rivers_micro_d
D:2:      minmay_skewed_foursquare, layout_basic, serial_forest,
          infiniplex_forest_side_room, infiniplex_forest_3_way,
          infiniplex_forest_corner_2, infiniplex_forest_lined_ring,
          infiniplex_forest_corner_1, infiniplex_forest_clump_small,
          infiniplex_forest_straight_2
D:3:      minmay_roachtagon, layout_loops_cross, serial_bayou_lagoon_b
D:4:      layout_loops_ring, kennysheep_mini, minmay_temple_entry_glassed_door,
          ebering_ghost_sewer_d, enter_ossuary_5, kennysheep_generic_room_13
D:5:      minmay_goblin_kobold_castle, layout_cave_pods, serial_park_tiny_1,
          uniq_blork_the_orc
D:6:      nicolae_whirlpool, layout_rooms, gammafunk_ghost_nasty_kobolds,
          minivault_4, uniq_eustachio, uniq_menkaure, uniq_pikel
Temple:   hellmonk_temple_divided_pantheon

Skill      XL: |  1  2  3  4  5  6  7  8  9 |
---------------+----------------------------+-----
Short Blades   | 2 3 4 5 6 7 |  7.5
Shields        | 3 4 5 |  5.7
Dodging        | 1 2 3 4 |  4.4
Fighting       | 3 4 5 |  5.7
Armour         | 3 4 5 |  5.3

Action                   |  1- 3 |  4- 6 |  7- 9 | 10-12 || total
-------------------------+-------+-------+-------+-------++-------
Melee: Rapier            |   103 |   199 |   383 |     4 ||   689
       Bite              |    28 |    62 |   121 |       ||   211
Evoke: Wand              |       |       |     5 |       ||     5
  Use: Scroll            |       |       |    17 |       ||    17
       Potion            |       |       |     3 |       ||     3
 Stab: Paralysed         |       |       |    15 |       ||    15
Armor: Scale mail        |    32 |    21 |       |       ||    53
       Chain mail        |       |    53 |   196 |     1 ||   250
Dodge: Dodged            |    36 |    77 |   167 |       ||   280
Block: Buckler           |    19 |    35 |   134 |       ||   188

Table legend: (Time is in decaauts)
 A = Elapsed time spent in this place.
 B = Non-inter-level travel time spent in this place.
 C = Inter-level travel time spent in this place.
 D = Time resting spent in this place.
 E = Time spent auto-exploring this place.
 F = Levels seen in this place.
 G = Mean time per level.
                   A        B        C        D        E       F      G
               +--------+--------+--------+--------+--------+-----+--------+
         Total |   6432 |   6266 |    166 |    990 |   3779 |   8 |  804.0 |
       Dungeon |   6114 |   5952 |    162 |    990 |   3677 |   6 | 1019.0 |
        Temple |     48 |     44 |      4 |      0 |      6 |   1 |   48.0 |
       Ossuary |    269 |    269 |      0 |      0 |     96 |   1 |  269.0 |
               +--------+--------+--------+--------+--------+-----+--------+

Top non-repeatable levels by time:
     D:4: 1763 daAuts
     D:5: 1344 daAuts
     D:2: 1158 daAuts
     D:3: 823 daAuts
     D:1: 616 daAuts
     D:6: 408 daAuts
 Ossuary: 269 daAuts
  Temple: 48 daAuts
